 Dungeon Crawl Stone Soup version 0.30.1-9-gdf580d7c3d (webtiles) character file.

Game seed: 432096028508055933

104951 Cheops the Arsonist (level 16, -1/121 HPs)
             Began as a Naga Fire Elementalist on Oct 9, 2023.
             Was the Champion of Cheibriados.
             Constricted to death by a shambling mangrove (4 damage)
             ... on level 4 of the Swamp on Oct 10, 2023.
             The game lasted 03:04:07 (47746 turns).

Cheops the Arsonist (Naga Fire Elementalist)       Turns: 47746, Time: 03:04:08

Health: -1/121     AC: 25    Str: 25    XL:     16   Next: 40%
Magic:  26/28      EV:  4    Int: 39    God:    Cheibriados [******]
Gold:   1883       SH: 14    Dex: 27    Spells: 17/31 levels left

rFire   + + .        a - staff of fire
rCold   + . .        z - +1 kite shield {reflect}
rNeg    + . .        X - +2 leather armour {rC+ rF+}
rPois   +            s - +0 helmet
rElec   .            v - scarf {+Inv}
rCorr   .            G - +1 pair of gloves
SInv    +            n - +0 barding
Will    +++++        W - amulet of the Four Winds {rN+ Will+++ Clar}
Stlth   +++          h - +4 ring of protection
HPRegen 0.40/turn    Y - +4 ring of protection
MPRegen 0.21/turn

%: reflection, clarity
@: grasped by roots, constricted, very slow
A: AC +5, large, see invisible, deformed body, poison resistance, slowness 2,
spit poison 1, naga tail 2
a: Spit Poison, Renounce Religion, Evoke Invisibility, Bend Time, Temporal
Distortion, Slouch, Step From Time


You were on level 4 of the Swamp.
You worshipped Cheibriados.
Cheibriados was exalted by your worship.
You visited 5 branches of the dungeon, and saw 23 of its levels.
You also visited: Ice Cave.

You collected 2439 gold pieces.
You spent 556 gold pieces at shops.

Inventory:

Hand Weapons
 b - a +1 short sword of venom
 c - a +0 dagger of flaming
 d - a +1 scimitar of flaming
 K - a +2 dagger of holy wrath
Armour
 n - a +0 barding (worn)
 s - a +0 helmet (worn)
 u - the +3 leather armour "Yniuqid" {rElec rPois}
   (You found it on level 7 of the Dungeon)

   rElec:     It insulates you from electricity.
   rPois:     It protects you from poison.
 v - a scarf of invisibility (worn)
 z - a +1 kite shield of reflection (worn)
 C - a +1 robe of willpower
 G - a +1 pair of gloves (worn)
 X - a +2 leather armour of resistance (worn)
Magical Staves
 a - a staff of fire (weapon)
Jewellery
 h - a +4 ring of protection (left hand)
 o - a ring of wizardry
 D - a +5 ring of evasion
 H - a ring of ice
 T - a ring of protection from cold
 W - the amulet of the Four Winds (around neck) {rN+ Will+++ Clar}
   (You found it in an ice cave)

   [amulet of nothing]

   rN:        It protects you from negative energy.
   Clar:      It protects you from confusion, rage, mesmerisation and fear.
   Will:      It greatly increases your willpower.
 Y - a +4 ring of protection (right hand)
Wands
 e - a wand of paralysis (12)
 j - a wand of digging (10)
 q - a wand of iceblast (28)
 r - a wand of flame (53)
 x - a wand of polymorph (14)
 F - a wand of mindburst (6)
 S - a wand of quicksilver (6)
Scrolls
 f - a scroll of magic mapping
 i - 3 scrolls of poison
 l - a scroll of torment
 w - a scroll of blinking
 E - 4 scrolls of immolation
 L - a scroll of summoning
 N - 3 scrolls of fog {unknown}
 P - 4 scrolls of amnesia
 R - 7 scrolls of teleportation
 Z - a scroll of silence
Potions
 g - 6 potions of attraction {unknown}
 k - 14 potions of curing
 m - 2 potions of cancellation {unknown}
 p - 2 potions of lignification
 t - 4 potions of berserk rage
 y - 2 potions of resistance
 A - 5 potions of might
 B - 6 potions of brilliance {unknown}
 I - 3 potions of flight
 J - a potion of magic
 M - a potion of invisibility {unknown}
 O - 9 potions of mutation {unknown}
 Q - a potion of ambrosia
Miscellaneous
 U - a tin of tremorstones (2/2)


   Skills:
 - Level 2.0 Fighting
 - Level 2.0 Short Blades
 + Level 11.1 Staves
 - Level 3.0 Armour
 - Level 1.5 Dodging
 - Level 3.0 Stealth
 - Level 7.2 Shields
 - Level 8.0 Spellcasting
 - Level 14.0 Conjurations
 - Level 2.0 Translocations
 - Level 14.0 Fire Magic
 - Level 10.0 Invocations
 + Level 11.1 Evocations


You had 17 spell levels left.
You knew the following spells:

 Your Spells              Type           Power      Damage    Failure   Level
a - Foxfire               Conj/Fire      100%       2x1d9     0%          1
b - Scorch                Fire           100%       2d9       1%          2
s - Sticky Flame          Conj/Fire      100%       2d11      1%          4
v - Volatile Blastmotes   Fire/Tloc      100%       2d18      1%          3
w - Flame Wave            Conj/Fire      100%       2d21      1%          4

Your spell library contained the following spells:

 Spells                   Type           Power      Damage    Failure   Level
 Hailstorm                Conj/Ice       63%        3d13      1%          3
 Inner Flame              Hex/Fire       81%        N/A       1%          3
 Ignite Poison            Fire/Tmut/Pois 67%        N/A       2%          3
 Lesser Beckoning         Tloc           62%        N/A       3%          2
 Beastly Appendage        Tmut           30%        N/A       4%          1
 Necrotise                Necr           60%        1d7       4%          1
 Gell's Gravitas          Tloc           31%        N/A       6%          3
 Teleport Other           Tloc           31%        N/A       6%          3
 Cigotuvi's Dreadful Rot  Necr/Pois/Air  30%        N/A       8%          2
 Wereblood                Tmut           15%        N/A       8%          2
 Frozen Ramparts          Ice            30%        1d5       14%         3
 Spider Form              Tmut/Pois      15%        N/A       14%         3
 Vampiric Draining        Necr           15%        2d7       14%         3
 Freezing Cloud           Conj/Ice/Air   25%        6-21      21%         5
 Passage of Golubria      Tloc           31%        N/A       22%         4
 Anguish                  Hex/Necr       7%         N/A       43%         4
 Animate Dead             Necr           15%        N/A       43%         4
 Cause Fear               Hex            7%         N/A       43%         4
 Ice Form                 Ice/Tmut       15%        N/A       43%         4
 Summon Ice Beast         Ice/Summ       15%        N/A       43%         4
 Summon Forest            Summ/Tloc      11%        N/A       65%         5
 Ignition                 Fire           56%        3d15      71%         8
 Agony                    Necr           15%        N/A       80%         5
 Silence                  Hex/Air        7%         N/A       80%         5
 Yara's Violent Unravell  Hex/Tmut       7%         3d5       80%         5
 Eringya's Noxious Bog    Tmut/Pois      7%         N/A       100%        6
 Simulacrum               Ice/Necr       7%         N/A       100%        6
 Enfeeble                 Hex            7%         N/A       100%        7
 Haunt                    Necr/Summ      7%         N/A       100%        7
 Summon Hydra             Summ           7%         N/A       100%        7
 Infestation              Necr           7%         N/A       100%        8
 Lehudib's Crystal Spear  Conj/Erth      31%        10d8      100%        8
 Chain Lightning          Conj/Air       31%        3d42      100%        9
 Fire Storm               Conj/Fire      56%        8d14      100%        9
 Shatter                  Erth           7%         3d10*     100%        9


Dungeon Overview and Level Annotations

Branches:
Dungeon (11/15)            Temple (0/1) D:5            Lair (5/5) D:10
  Swamp (4/4) Lair:2        Snake (1/4) Lair:3        Slime (0/5) Lair:4
    Orc (2/2) D:10            Elf (0/3) Orc:2         IceCv (visited)

Altars:
Ashenzari
Cheibriados
Dithmenos
Fedhas
Hepliaklqana
Kikubaaqudgha
Makhleb
Nemelex Xobeh
Qazlal
Sif Muna
Uskayaw
Vehumet
Yredelemnul
Jiyva

Shops:
D:5 [   D:8 [   D:9 [   D:11 *   Orc:2 *[([   Snake:1 !

Portals:
Abyss: Snake:1

Annotations:
D:9 2 runed translucent doors, exclusion: orange crystal statue
Snake:1 2 transporters, Emergh's ghost, journeyman MiBe


Innate Abilities, Weirdness & Mutations

Your serpentine skin is tough. (AC +5)
You have supernaturally acute eyesight. (SInv)
Armour fits poorly on your strangely shaped body.
Your system is resistant to poisons. (rPois)
You cover ground very slowly.
You can spit poison.
You can use your snake-like lower body to constrict enemies.


Message History

The swamp dragon claws you but does no damage.
The swamp dragon tramples you but does no damage.
The roots grasp on you weakens, but your attempt to escape fails.
You feel sick. The shambling mangrove hits you!!
* * * LOW HITPOINT WARNING * * *
The grasping roots constrict you!
* * * LOW HITPOINT WARNING * * *
The swamp dragon bites you but does no damage.
You block the swamp dragon's attack. The swamp dragon tramples you.
* * * LOW HITPOINT WARNING * * *
You are held in place!
Blink to where?
Press: ? - help, Dir - move target
Okay, then.
As you read the scroll of fear, it crumbles to dust.
You assume a fearsome visage.
The six-headed hydra resists with some effort.
The swamp dragon looks frightened!
The shambling mangrove is unaffected.
You feel sick.
You are no longer poisoned.
You block the shambling mangrove's attack.
The grasping roots constrict you!
* * * LOW HITPOINT WARNING * * *
You escape the roots grasp.
The shambling mangrove attacks as you move away!
You block the shambling mangrove's attack.
The cloud of blastmotes explodes!
The concussive blast engulfs the six-headed hydra!
The six-headed hydra is lightly wounded.
The concussive blast engulfs the shambling mangrove!!
The shambling mangrove is moderately damaged.
The concussive blast engulfs you. You resist.
* * * LOW HITPOINT WARNING * * *
The shambling mangrove is knocked back by the blast.
You are knocked back by the blast.
The shambling mangrove is engulfed in a cloud of scalding steam.
Roots burst forth from the earth!
The grasping roots grab you! The grasping roots constrict you.
You die...

~? ...~
.~♣♣♣♣~~♣
..~..~~~♣
....~~. ♣....♣♣
♣♣♣~.~~♣♣♣♣♣♣♣
♣♣.~~.~†~~§.D@♣
♣~~~~~~D~§f§§♣♣
♣.~~~...~~.§♣♣
♣~~~~.§..~♣♣♣
♣♣~~~~§~§♣♣
♣.~~.~~.♣
♣♣~~..)♣♣
♣~..~♣♣ ♣~.♣♣♣


You could see a shambling mangrove, a six-headed hydra and a swamp dragon
(fleeing).

Vanquished Creatures
  Rupert (Orc:2)
  Mlioglotl (Swamp:2)
  Aizul (Swamp:3)
  An orc warlord (Orc:1)
  3 eleionomae
  A bunyip (Swamp:2)
  A shambling mangrove (Swamp:1)
  A ghost crab (Swamp:3)
  7 hydras
  Erica (D:10)
  4 catoblepae
  A centaur warrior (D:11)
  5 anacondas (Snake:1)
  2 ironbound frosthearts (IceCv)
  3 alligators
  2 two-headed ogres
  3 naga warriors (Snake:1)
  23 death yaks
  An orc high priest (Orc:1)
  Urug (Lair:1)
  A shock serpent (Lair:3)
  A naga sharpshooter (Snake:1)
  A death drake (Swamp:1)
  4 spriggan druids
  5 goliath frogs (Swamp:2)
  3 bog bodies
  2 naga ritualists (Snake:1)
  3 swamp dragons
  Pikel (D:7)
  An orc knight (Orc:2)
  An orc sorcerer (Orc:2)
  An ugly thing (IceCv)
  4 manticores
  An oklob plant (Lair:4)
  2 will-o-the-wisps (Swamp:2)
  An ice statue (IceCv)
  Joseph (D:7)
  2 elephants
  14 black mambas
  11 cane toads
  5 rime drakes
  8 komodo dragons
  5 trolls
  6 tyrant leeches
  9 polar bears
  9 hornets
  25 blink frogs
  Grinder (D:5)
  Sigmund (D:3)
  68 yaks
  9 spriggans
  9 wyverns
  3 basilisks
  2 steam dragons (D:7)
  6 vampire mosquitoes
  2 nagas (Lair:3)
  4 wargs
  9 swamp worms
  12 water moccasins
  2 ice beasts (D:6)
  42 orc warriors
  A sky beast (D:7)
  5 ogres
  21 wolves
  13 centaurs
  4 kobold brigands
  Blork the orc (D:5)
  6 bullfrogs
  3 scorpions
  13 wights
  4 killer bees (D:10)
  A howler monkey (D:4)
  A jelly (D:6)
  4 hounds
  23 orc priests
  4 iguanas
  30 orc wizards
  4 gnolls
  10 adders
  2 shadow imps
  2 white imps (D:6)
  2 ufetubi
  2 dart slugs (D:1)
  110 orcs
  5 ball pythons
  6 bats
  4 endoplasms
  3 giant cockroaches
  3 goblins
  9 hobgoblins
  20 kobolds
  4 quokkas
  A frilled lizard (D:2)
  4 rats
685 creatures vanquished.

Vanquished Creatures (collateral kills)
  12 foxfires
12 creatures vanquished.

Vanquished Creatures (others)
  5 bloated husks
  A swamp worm (Swamp:1)
  A human (D:4)
  1587 foxfires
1594 creatures vanquished.

Grand Total: 2291 creatures vanquished

Notes
Turn   | Place    | Note
-------+----------+-------------------------------------------
     0 | D:1      | Cheops the Naga Fire Elementalist began the quest for the
                  | Orb.
     0 | D:1      | Reached XP level 1. HP: 15/15 MP: 3/3
   282 | D:1      | Reached XP level 2. HP: 5/22 MP: 0/5
   970 | D:1      | You fall into a shaft and drop 1 floor!
   984 | D:2      | Reached XP level 3. HP: 28/28 MP: 2/7
   987 | D:2      | Learned a level 2 spell: Scorch
  1099 | D:2      | Found a radiant altar of Vehumet.
  1162 | D:2      | Found a faded altar of an unknown god.
  2350 | D:1      | Reached XP level 4. HP: 11/36 MP: 1/8
  2975 | D:2      | Learned a level 4 spell: Flame Wave
  3503 | D:2      | Found a radiant altar of Vehumet.
  3808 | D:2      | Found a faded altar of an unknown god.
  4355 | D:3      | Reached XP level 5. HP: 42/42 MP: 2/9
  4555 | D:3      | Noticed Sigmund
  4562 | D:3      | Killed Sigmund
  4563 | D:3      | Reached skill level 5 in Fire Magic
  4563 | D:3      | Reached XP level 6. HP: 49/49 MP: 2/10
  4791 | D:4      | Learned a level 3 spell: Volatile Blastmotes
  4918 | D:4      | Found an ancient bone altar of Kikubaaqudgha.
  4921 | D:4      | Noticed a human
  4922 | D:4      | Killed a human
  5218 | D:4      | Reached skill level 5 in Conjurations
  5218 | D:4      | Reached XP level 7. HP: 55/55 MP: 5/11
  5840 | D:5      | Entered Level 5 of the Dungeon
  5990 | D:5      | Found a broken altar of Ashenzari.
  6091 | D:5      | Found a snail-covered altar of Cheibriados.
  6092 | D:5      | Noticed Grinder
  6103 | D:5      | Killed Grinder
  6414 | D:5      | Reached XP level 8. HP: 62/62 MP: 3/14
  6648 | D:5      | Noticed Blork the orc
  6654 | D:5      | Killed Blork the orc
  6734 | D:5      | Became a worshipper of Cheibriados the Contemplative
  6900 | D:5      | Found a staircase to the Ecumenical Temple.
  6939 | D:5      | Reached skill level 1 in Translocations
  7085 | D:5      | Found a staircase to the Ecumenical Temple.
  7120 | D:5      | Found a broken altar of Ashenzari.
  7126 | D:5      | Found a snail-covered altar of Cheibriados.
  7639 | D:5      | Found Isenn's Armour Emporium.
  7774 | D:5      | Found a shadowy altar of Dithmenos.
  8647 | D:6      | Reached * piety under Cheibriados
  9149 | D:7      | Identified the +3 leather armour "Yniuqid" {rElec rPois}
  9395 | D:7      | Reached skill level 1 in Invocations
  9537 | D:7      | Reached XP level 9. HP: 41/68 MP: 1/15
  9931 | D:7      | Reached skill level 5 in Invocations
 10063 | D:7      | Reached skill level 1 in Evocations
 10395 | D:7      | Noticed Joseph
 11130 | D:8      | Noticed Pikel
 11137 | D:7      | Killed Pikel
 11138 | D:7      | Reached skill level 5 in Spellcasting
 11601 | D:8      | Reached ** piety under Cheibriados
 11709 | D:8      | Reached XP level 10. HP: 75/75 MP: 11/17
 12430 | D:8      | Found Suunaan's Armour Boutique.
 12783 | D:9      | Found a shimmering blue altar of Sif Muna.
 12845 | D:9      | Found a hide-covered altar of Uskayaw.
 12845 | D:9      | Found a basalt altar of Yredelemnul.
 12852 | D:9      | Found a hazy altar of Hepliaklqana.
 12904 | D:9      | Found a stormy altar of Qazlal.
 12906 | D:9      | Found a burning altar of Makhleb.
 12911 | D:9      | Found a sparkling altar of Nemelex Xobeh.
 13037 | D:9      | Noticed a two-headed ogre
 13252 | D:9      | Killed a two-headed ogre
 13290 | D:9      | Found a runed translucent door.
 13307 | D:9      | Found the +10 tower shield of Ignorance {rN+ Int-4}
 13313 | D:9      | Found a runed translucent door.
 13315 | D:9      | Noticed an orange crystal statue
 13368 | D:9      | Found Hocua's Antique Armour Shop.
 13375 | D:9      | Reached *** piety under Cheibriados
 13812 | D:10     | Entered Level 10 of the Dungeon
 13902 | D:10     | Found a staircase to the Lair.
 14273 | D:10     | Reached skill level 1 in Armour
 14706 | D:10     | Found a blossoming altar of Fedhas.
 14780 | D:10     | Reached **** piety under Cheibriados
 14885 | D:10     | Reached skill level 1 in Fighting
 15019 | D:10     | Found a staircase to the Orcish Mines.
 15144 | D:10     | Reached XP level 11. HP: 80/86 MP: 15/20
 15231 | D:10     | Noticed a two-headed ogre
 15239 | D:10     | Killed a two-headed ogre
 15468 | D:10     | Noticed Erica
 15477 | D:10     | Killed Erica
 15541 | D:10     | Found a staircase to the Orcish Mines.
 15619 | D:10     | Found a staircase to the Lair.
 15653 | D:10     | Found a blossoming altar of Fedhas.
 16137 | D:9      | Found a shimmering blue altar of Sif Muna.
 16261 | D:9      | Found a runed translucent door.
 16283 | D:9      | Found a runed translucent door.
 16301 | D:9      | Found Hocua's Antique Armour Shop.
 16383 | D:9      | Found a sparkling altar of Nemelex Xobeh.
 16385 | D:9      | Found a burning altar of Makhleb.
 16391 | D:9      | Found a stormy altar of Qazlal.
 16394 | D:9      | Found a hazy altar of Hepliaklqana.
 16398 | D:9      | Found a basalt altar of Yredelemnul.
 16401 | D:9      | Found a hide-covered altar of Uskayaw.
 17188 | D:8      | Found Suunaan's Armour Boutique.
 19898 | D:7      | Killed Joseph
 21447 | D:5      | Found a broken altar of Ashenzari.
 21696 | D:5      | Found Isenn's Armour Emporium.
 21856 | D:5      | Found a shadowy altar of Dithmenos.
 21995 | D:5      | Found a staircase to the Ecumenical Temple.
 22168 | D:10     | Identified a scroll of acquirement
 22169 | D:10     | Acquired a staff of fire
 22322 | D:11     | Noticed a manticore
 22332 | D:11     | Killed a manticore
 22475 | D:11     | Noticed a centaur warrior
 22619 | D:11     | Noticed a manticore
 22640 | D:11     | Killed a manticore
 22711 | D:11     | Found Eakkighi's Eclectic Emporium.
 23158 | D:11     | Reached skill level 1 in Shields
 23158 | D:11     | Reached skill level 10 in Conjurations
 23158 | D:11     | Reached skill level 10 in Fire Magic
 23163 | D:11     | Killed a centaur warrior
 24105 | D:11     | Found Eakkighi's Eclectic Emporium.
 24393 | Lair:1   | Entered Level 1 of the Lair of Beasts
 24538 | D:11     | Bought an Everburning Encyclopedia for 432 gold pieces
 24543 | D:11     | Learned a level 4 spell: Sticky Flame
 24579 | Lair:1   | Noticed Urug
 24581 | Lair:1   | Reached skill level 5 in Shields
 24706 | Lair:1   | Killed Urug
 24919 | Lair:1   | Reached XP level 12. HP: 92/93 MP: 16/22
 24929 | Lair:1   | Reached ***** piety under Cheibriados
 26042 | Lair:2   | Noticed an eight-headed hydra
 26047 | Lair:2   | Killed an eight-headed hydra
 26213 | Lair:2   | Found a staircase to the Swamp.
 27345 | Lair:3   | Found a staircase to the Snake Pit.
 27373 | Lair:3   | Reached skill level 10 in Invocations
 27609 | Lair:3   | Found a radiant altar of Vehumet.
 27615 | Lair:3   | Reached skill level 1 in Staves
 27820 | Lair:3   | Noticed a catoblepas
 27862 | Lair:3   | Killed a catoblepas
 27899 | Lair:3   | Gained mutation: You can use your snake-like lower body to
                  | constrict enemies. [Naga growth]
 27899 | Lair:3   | Reached XP level 13. HP: 97/99 MP: 9/23
 27927 | Lair:2   | Reached ****** piety under Cheibriados
 28675 | Lair:4   | You fall into a shaft and drop 1 floor!
 28675 | Lair:5   | Entered Level 5 of the Lair of Beasts
 28764 | Lair:5   | Reached skill level 5 in Staves
 28764 | Lair:5   | Reached skill level 5 in Evocations
 28933 | Lair:5   | Found a frozen archway.
 28950 | IceCv    | Entered an ice cave
 29662 | IceCv    | Found the amulet of the Four Winds {rN+ Will+++ Clar}
 29958 | IceCv    | Reached XP level 14. HP: 108/108 MP: 17/24
 31394 | Lair:4   | Found a staircase to the Slime Pits.
 31394 | Lair:4   | Found a viscous altar of Jiyva.
 32187 | D:5      | Bought a +0 kite shield of reflection for 85 gold pieces
 33964 | Lair:2   | Found a staircase to the Swamp.
 34246 | Lair:3   | Found a radiant altar of Vehumet.
 34320 | Lair:3   | Found a staircase to the Snake Pit.
 34929 | Lair:4   | Found a staircase to the Slime Pits.
 34929 | Lair:4   | Found a viscous altar of Jiyva.
 36750 | Lair:5   | Reached XP level 15. HP: 114/114 MP: 20/27
 37930 | Orc:1    | Entered Level 1 of the Orcish Mines
 38205 | Orc:2    | Entered Level 2 of the Orcish Mines
 39168 | Orc:2    | Found a staircase to the Elven Halls.
 39177 | Orc:2    | Noticed Rupert
 39185 | Orc:2    | Killed Rupert
 39308 | Orc:2    | Found Vaenno's Assorted Antiques.
 39531 | Orc:2    | Noticed an orc warlord
 39800 | Orc:1    | Killed an orc warlord
 40024 | Orc:2    | Found Estebo Girae's Antique Weapon Shop.
 40028 | Orc:2    | Found Tiorchas's Antique Armour Boutique.
 40221 | Orc:2    | Found Puamueng's Armour Boutique.
 40500 | Snake:1  | Entered Level 1 of the Snake Pit
 40500 | Snake:1  | Noticed Emergh's ghost (journeyman MiBe)
 40500 | Snake:1  | Found the +5 robe of Night {Dark Will+ SInv}
 40500 | Snake:1  | Found a one-way gate to the infinite horrors of the Abyss.
 41014 | Snake:1  | Found a transporter.
 41070 | Snake:1  | Found a transporter.
 41071 | Snake:1  | Noticed a daeva
 41210 | Snake:1  | Found Sofaxim's Distillery.
 41218 | Snake:1  | Bought a potion of curing for 39 gold pieces
 41956 | Swamp:1  | Entered Level 1 of the Swamp
 42585 | Swamp:1  | HP: 3/114 [poisoned by a death drake (dark miasma)]
 44291 | Swamp:2  | HP: 5/114 [acid (4)]
 44303 | Swamp:2  | Reached XP level 16. HP: 14/121 MP: 5/28
 44719 | Swamp:2  | Reached skill level 10 in Staves
 44719 | Swamp:2  | Reached skill level 10 in Evocations
 46015 | Swamp:3  | Noticed Mlioglotl
 46023 | Swamp:2  | Killed Mlioglotl
 46611 | Swamp:3  | Noticed Aizul
 46620 | Swamp:3  | Killed Aizul
 47665 | Swamp:4  | Entered Level 4 of the Swamp
 47665 | Swamp:4  | Noticed a thorn hunter
 47745 | Swamp:4  | HP: 5/121 [constriction (8)]
 47746 | Swamp:4  | Constricted to death by a shambling mangrove

Illustrated notes

Levels and vault maps discovered:
D:1:      evilmike_arrival_crescent, layout_basic, serial_curves,
          eino_curves_04, eino_curves_02, eino_curves_03, eino_curves_01,
          item_on_display_a
D:2:      layout_basic, basic_altar, basic_ecumenical_altar,
          minmay_misc_feat_roman, wander_ebering_terrifying_dragon_lair
D:3:      layout_basic, uniq_sigmund
D:4:      layout_loops_ring, tgw_kikubaaqudgha, nicolae_zen_rock_garden
D:5:      cheibrodos_thug_alley, layout_gridville, grunt_temple_overflow_open,
          lemuel_round_altar, minmay_temple_entry_enclosed_plants, serial_shops,
          nicolae_shop_tiny_real_fake_doors, uniq_blork_the_orc, uniq_grinder
D:6:      layout_loops_corners
D:7:      layout_basic, uniq_joseph
D:8:      layout_basic, serial_shops, nicolae_lakefront_shop, hex_intersection,
          uniq_pikel
D:9:      layout_loops_ring, lemuel_blue_sif_altar,
          nicolae_overflow_hallway_of_the_gods, serial_shops,
          nicolae_shop_just_a_little_nook, chequers_guarded_unrand_ignorance
D:10:     layout_loops_ring, fedhas_bush_and_centaur_altar,
          erik_lair_orcish_takeover, david_orc_4, uniq_erica
D:11:     layout_small_grid, nicolae_alphabet_shops
Lair:1:   layout_cave_shapes, uniq_urug
Lair:2:   layout_concentric_octagons, minmay_swamp_entry_reptiles,
          beast_lair_carwin_11
Lair:3:   wad_woods_stonehenge, layout_long_grid, guppyfry_snake_entry_garden,
          serial_bayou_shore_a
Lair:4:   layout_gridlike, minmay_slime_entry_oklob_open, minmay_hedge_maze,
          grunt_megastairs_1
Lair:5:   evilmike_catoblepas_cave, layout_regular_city, portal_ice_cave_rime
Swamp:1:  layout_falls_marsh, hangedman_swamp_ruin_hall, swamp_pool1
Swamp:2:  layout_falls_marsh, evilmike_swamp_ruin_house_2, swamp_pool2
Swamp:3:  layout_basic_swamp, nicolae_swamp_well_well_well,
          infiniplex_staircase_pool, uniq_aizul, uniq_mlioglotl
Swamp:4:  swamp, layout_basic_swamp, swamp_pool1
Snake:1:  layout_rooms, gammafunk_ghost_abyssal_escape, serial_shops, shop
Orc:1:    layout_diamond_mine
Orc:2:    grunt_orc_community_town_hall, layout_caves,
          grunt_orc_community_big_house_1, grunt_orc_community_big_house_1,
          grunt_orc_community_house_3, grunt_orc_community_house_2,
          grunt_orc_community_house_2, grunt_orc_community_house_2,
          grunt_orc_community_house_3, grunt_orc_community_house_3,
          lightli_orcish_oven, uniq_rupert

Skill      XL: |  1  2  3  4  5  6  7  8  9 10 11 12 13 14 15 16 |
---------------+-------------------------------------------------+-----
Spellcasting   | 3 4 5 6 7 8 |  8.0
Conjurations   | 2 4 5 7 9 10 11 12 14 | 14.0
Fire Magic     | 5 7 9 10 11 12 14 | 14.0
Short Blades   | 2 |  2.0
Translocations | 2 |  2.0
Invocations    | 3 5 10 | 10.0
Evocations     | 4 7 9 11 | 11.1
Armour         | 3 |  3.0
Fighting       | 2 |  2.0
Shields        | 6 7 |  7.2
Staves         | 2 7 9 11 | 11.1
Dodging        | |  1.5
Stealth        | |  3.0

Action                     |  1- 3 |  4- 6 |  7- 9 | 10-12 | 13-15 | 16-18 || total
---------------------------+-------+-------+-------+-------+-------+-------++-------
  Melee: Unarmed           |     9 |       |       |       |       |       ||     9
         Dagger            |     7 |       |       |       |       |       ||     7
         Short sword       |       |     8 |    63 |    37 |    34 |       ||   142
         Punch             |       |       |     3 |       |       |       ||     3
         Staff             |       |       |       |     5 |   420 |    57 ||   482
         Constrict         |       |       |       |       |   122 |    10 ||   132
   Cast: Foxfire           |    80 |    73 |   222 |   236 |   253 |    45 ||   909
         Volatile Blastmot |       |       |     8 |     7 |     3 |     1 ||    19
         Scorch            |       |       |     7 |    82 |    64 |    22 ||   175
         Flame Wave        |       |       |       |    30 |    49 |     7 ||    86
         Sticky Flame      |       |       |       |    19 |    46 |    14 ||    79
Ability: Spit Poison       |     4 |     2 |     3 |     1 |     1 |       ||    11
  Evoke: Wand              |       |       |       |    10 |     3 |       ||    13
    Use: Scroll            |       |       |     8 |    12 |    13 |     6 ||    39
         Potion            |       |       |     1 |     2 |     3 |       ||     6
   Stab: Sleeping          |       |       |     1 |     2 |     4 |     2 ||     9
         Paralysed         |       |       |       |       |     1 |       ||     1
 Armour: Robe              |    13 |     7 |    43 |       |       |       ||    63
         Leather armour    |       |       |    58 |   219 |   356 |    78 ||   711
         Skin              |       |       |       |     2 |     1 |       ||     3
  Dodge: Dodged            |    22 |     7 |    48 |   105 |   160 |    23 ||   365
  Block: Other             |     8 |     7 |    35 |    46 |       |       ||    96
         Reflection        |       |       |     5 |    12 |    12 |     4 ||    33
         Kite shield       |       |       |       |   178 |   671 |    94 ||   943
